 Dungeon Crawl Stone Soup version 0.30-a0-591-g3c58d2bc28 (webtiles) character file.

Game seed: 155905787360596358

3 drugrobin the Sneak (level 1, 0/18 HPs)
             Began as a Demigod Delver on Jan 5, 2023.
             Slain by an orc
             ... wielding a +0 mace
              (7 damage)
             ... on level 5 of the Dungeon.
             The game lasted 00:02:04 (181 turns).

drugrobin the Sneak (Demigod Delver)                 Turns: 181, Time: 00:02:05

Health: 0/18       AC:  3    Str: 13    XL:     1   Next: 33%
Magic:  3/3        EV: 11    Int: 12    God:
Gold:   14         SH:  0    Dex: 15    Spells: 0/0 levels left

rFire   . . .      SeeInvis .      - Unarmed
rCold   . . .      Faith    .    (no shield)
rNeg    . . .      Spirit   .    a - +0 leather armour
rPois   .          Reflect  .    (no helmet)
rElec   .          Harm     .    (no cloak)
rCorr   .          Rampage  .    (no gloves)
Will    .....                    (no boots)
Stlth   +++                      (no amulet)
HPRegen 0.23/turn                (no ring)
MPRegen 0.08/turn                (no ring)

@: brilliant, hasted (expiring), very quick
A: high MP 1, forlorn, divine attributes
a: no special abilities


You were on level 5 of the Dungeon.
You visited 1 branch of the dungeon, and saw 2 of its levels.

You collected 14 gold pieces.

Inventory:

Armour
 a - a +0 leather armour (worn)
 g - a +0 ring mail
Wands
 f - a wand of digging (3)
 i - a wand of polymorph (3)
Scrolls
 b - a scroll of fog


   Skills:
 - Level 2.6 Fighting
 - Level 1.7 Dodging
 - Level 4.5 Stealth
 + Level 2.1 Unarmed Combat


You couldn't memorise any spells.
You didn't know any spells.
Your spell library was empty.

Dungeon Overview and Level Annotations

Branches:
Dungeon (6/15)             Temple (0/1) D:5

Annotations:
D:6 exclusion: water moccasin


Innate Abilities, Weirdness & Mutations

You have an increased reservoir of magic. (+10% MP)
You shall have no god before yourself.
Your divine heritage dramatically boosts your attributes as you level up.


Message History

Unknown command.
Unknown command.
It was a potion of brilliance.
You feel clever all of a sudden.
Unknown command.
Unknown command.
The orc closely misses you.
The orc wizard mumbles some strange words.
The orc wizard flickers and vanishes!
Deactivating autopickup; reactivate with Ctrl-A.
Unknown command.
Unknown command.
You hit the jelly.
Your hands burn!
The jelly is lightly wounded.
The sentinel's mark upon you fades away.
The orc closely misses you. The jelly closely misses you.
Unknown command.
Unknown command.
Unknown command.
Unknown command.
Unknown command.
Unknown command.
Unknown command.
Unknown command.
Unknown command.
Unknown command.
Unknown command.
You're too confused to move!
You feel less confused.
Unknown command.
The orc hits you with a +0 dagger.
Unknown command.
Unknown command.
Your extra speed is starting to run out.
The orc closely misses you.
Unknown command.
Unknown command.
Unknown command.
The orc hits you with a +0 mace!
You die...

******** *,,,,,,* *,,,,,,*
*,<>,,,***
*,,,,.,,,*#########
*,,,,..*,*#.......# ######
*,,,,...,*#.......######..o.S
******#..*#)@J.oo>##...#.....
#...#..o....S.........S
##........o..##.........
***#............##...#>....
*,....#......[..##...#.....
*,##....#.~≈.P♣♣♣P.~~#†....
*,*#....#.~≈...P..P~~......
*,*#........P♣♣.♣♣PP.##..##
*,,..#...#P.♣♣P.P♣♣.P##.##


You could see a water moccasin, a jelly and 4 orcs.

Vanquished Creatures
  An orc (D:6)
  An endoplasm (D:5)
2 creatures vanquished.

Notes
Turn   | Place    | Note
-------+----------+-------------------------------------------
     0 | D:5      | drugrobin the Demigod Delver began the quest for the Orb.
     0 | D:5      | Reached XP level 1. HP: 18/18 MP: 3/3
     8 | D:5      | Noticed a hound
    25 | D:5      | a hound changed into an endoplasm
    90 | D:6      | Noticed an iguana
   120 | D:6      | Noticed a water moccasin
   158 | D:5      | Noticed a jelly
   158 | D:5      | Noticed an orc wizard
   181 | D:5      | Slain by an orc

Illustrated notes

Levels and vault maps discovered:
D:5:      layout_rooms, nicolae_elyvilon_peaceful_grove,
          minmay_temple_entry_statues_pillars
D:6:      layout_loops_cross

Skill      XL: |  1 |
---------------+----+-----
Unarmed Combat | 2 |  2.1
Fighting       | |  2.6
Dodging        | |  1.7
Stealth        | |  4.5

Action                   || total
-------------------------++-------
Melee: Unarmed           ||    19
Evoke: Wand              ||     4
  Use: Scroll            ||     2
       Potion            ||     2
 Stab: Sleeping          ||     1
Armor: Leather armour    ||     6
Dodge: Dodged            ||    21

Table legend: (Time is in decaauts)
 A = Elapsed time spent in this place.
 B = Non-inter-level travel time spent in this place.
 C = Inter-level travel time spent in this place.
 D = Time resting spent in this place.
 E = Time spent auto-exploring this place.
 F = Levels seen in this place.
 G = Mean time per level.
                   A        B        C        D        E       F      G
               +--------+--------+--------+--------+--------+-----+--------+
         Total |    164 |    163 |      1 |     33 |      0 |   2 |   82.0 |
       Dungeon |    164 |    163 |      1 |     33 |      0 |   2 |   82.0 |
               +--------+--------+--------+--------+--------+-----+--------+

Top non-repeatable levels by time:
     D:5: 103 daAuts
     D:6: 60 daAuts
